Map: 16-Bit LE

Players

pta

  • Race: Zerg Zerg
  • Spawn Location: 1:00

A.I. 1 (Very Hard) - Winner!

  • Race: Terran Terran
  • Spawn Location: 7:00

VOD

Have the link to the VOD?

Description

Time

  • Played on: May 1, 2019, 4:51 p.m.
  • Length: 10:54
Show
View Real Time Build Order
Export as new Build Order

pta Zerg 

Build Orders: Pool First 

Get SALT Encoding   

  12  0:02  Drone  
  13  0:25  Spawning Pool  
  13  0:27  Drone  
  13  0:31  Drone  
  14  0:43  Extractor  
  14  0:45  Extractor  
  14  0:46  Drone x2  
  16  1:20  Roach Warren  
  16  1:23  Extractor, Hatchery  
  16  1:25  Extractor  
  12  1:29  Overlord  
  12  1:35  Drone  
  12  1:38  Drone  
  14  1:57  Queen  
  16  2:03  Drone  
  17  2:10  Drone  
  18  2:16  Drone  
  18  2:22  Drone  
  20  2:43  Drone  
  21  2:51  Drone x3  
  24  3:02  Spine Crawler  
  23  3:10  Lair  
  23  3:18  Overlord  
  23  3:21  Drone  
  23  3:25  Drone  
  25  3:28  Drone  
  25  3:32  Drone  
  27  3:45  Overlord  
  27  3:48  Roach x2  
  29  3:51  Drone  
  29  3:55  Roach  
  34  4:09  Spine Crawler  
  33  4:11  Roach x2  
  37  4:20  Roach x2  
  41  4:39  Spine Crawler  
  41  4:40  Spine Crawler  
  39  4:49  Glial Reconstitution  
  39  4:54  Drone x3  
  42  5:08  Hatchery  
  42  5:11  Extractor  
  42  5:12  Extractor  
  39  5:18  Roach  
  39  5:19  Roach  
  43  6:02  Overlord x2, Drone  
  43  6:04  Overlord x2  
  44  6:28  Roach x8  
  44  6:32  Drone x2  
  62  6:39  Evolution Chamber  
  61  6:44  Evolution Chamber  
  60  7:19  Queen  
  60  7:21  Drone x3  
  65  7:24  Queen  
  65  7:25  Extractor  
  65  7:26  Extractor, Drone x3  
  68  7:31  Zerg Ground Armor Level 1  
  68  7:38  Zerg Missile Weapons Level 1  
  68  7:46  Drone  
  68  7:47  Drone  
  68  7:49  Drone x2  
  72  8:03  Drone  
  72  8:04  Overlord x2  
  47  8:20  Zergling x8  
  47  8:21  Zergling x2  
  40  8:37  Zergling x8  
  39  8:49  Roach x3  
  39  8:50  Roach  
  39  8:51  Roach  
  39  8:55  Roach  
  38  9:23  Spine Crawler  
  31  9:25  Spine Crawler x2  
  31  9:26  Spine Crawler  
  31  9:28  Spine Crawler  
  25  9:37  Zergling x4  
  25  9:38  Zergling x2  
  19  10:04  Drone x4  
  14  10:23  Drone x2  
  16  10:33  Zergling x4  
  16  10:35  Zergling x2  
Show
View Real Time Build Order
Export as new Build Order

A.I. 1 (Very Hard) Terran - Winner!

Build Orders:  

Get SALT Encoding   

  12  0:00  SCV  
  13  0:13  SCV  
  14  0:19  Supply Depot  
  14  0:25  SCV  
  15  0:31  Refinery  
  15  0:41  SCV  
  16  0:48  Barracks  
  16  0:53  SCV  
  17  1:05  SCV  
  18  1:17  SCV  
  19  1:36  Marine  
  19  1:39  Supply Depot, Orbital Command  
  20  1:41  Factory  
  20  1:52  Barracks  
  20  1:55  Marine  
  21  2:04  SCV  
  22  2:13  Barracks Tech Lab  
  22  2:16  SCV  
  22  2:22  Supply Depot  
  23  2:25  Hellion  
  25  2:31  Concussive Shells  
  25  2:32  Marauder  
  27  2:40  Barracks Tech Lab  
  27  2:46  Hellion  
  27  2:49  SCV  
  30  2:53  Marauder  
  34  2:58  Marauder  
  34  3:00  Supply Depot  
  34  3:07  Hellion  
  36  3:14  Marauder  
  38  3:22  Marauder  
  38  3:26  Supply Depot  
  40  3:29  Hellion  
  42  3:36  Marauder  
  42  3:37  SCV  
  45  3:43  Marine  
  45  3:44  Stimpack  
  46  3:50  Refinery  
  46  3:57  Marine  
  46  4:01  Marine  
  48  4:05  Supply Depot  
  48  4:13  SCV  
  48  4:14  Marine  
  50  4:19  Marine  
  51  4:25  SCV  
  52  4:32  Marine  
  52  4:36  Marine  
  52  4:37  SCV  
  55  4:39  Barracks  
  55  4:42  Supply Depot  
  55  4:51  Marauder  
  57  4:54  Marine  
  58  5:03  Command Center  
  58  5:11  Marine  
  58  5:13  Marauder  
  61  5:27  Barracks Reactor  
  61  5:29  Factory Tech Lab, Marine  
  61  5:34  Marauder  
  64  5:39  Supply Depot  
  64  5:47  Marine  
  65  5:51  Siege Tank  
  65  5:55  Marine  
  69  6:00  Combat Shield  
  69  6:05  Marauder  
  69  6:07  Supply Depot  
  71  6:14  Engineering Bay  
  71  6:23  SCV, Siege Tank  
  75  6:28  SCV  
  76  6:35  SCV  
  77  6:40  SCV, Terran Infantry Weapons Level 1  
  78  6:47  SCV  
  78  6:52  SCV  
  80  6:55  Siege Tank  
  80  7:00  SCV  
  84  7:04  SCV, Engineering Bay  
  85  7:12  SCV  
  85  7:14  Refinery  
  86  7:17  SCV  
  87  7:23  Armory  
  87  7:24  SCV  
  87  7:27  Siege Tank  
  87  7:29  Terran Infantry Armor Level 1, SCV  
  92  7:30  Supply Depot  
  92  7:36  SCV  
  93  7:41  SCV  
  94  7:48  SCV, Refinery  
  95  7:53  SCV  
  96  8:00  SCV  
  96  8:05  SCV  
  98  8:06  Armory  
  98  8:08  Missile Turret  
  98  8:10  Terran Vehicle And Ship Armor Level 1  
  98  8:11  Supply Depot  
  98  8:12  SCV  
  99  8:16  Marine  
  99  8:17  SCV  
  99  8:18  Marine  
  90  8:20  Marine  
  90  8:22  Marine  
  90  8:26  SCV  
  87  8:29  SCV  
  87  8:34  Marine  
  88  8:35  Marine  
  88  8:38  Marauder  
  88  8:40  Missile Turret, Marine  
  93  8:42  Orbital Command  
  92  8:51  Barracks, Marine  
  92  8:53  Marine  
  92  8:56  Starport  
  92  8:57  Marine  
  92  8:59  Marine  
  96  9:10  Marauder  
  96  9:11  Marine  
  85  9:17  Marauder  
  83  9:31  Marauder  
  83  9:32  Marine x2  
  83  9:34  Medivac  
  83  9:37  Marine  
  85  9:39  Marauder, Command Center  
  87  9:50  Marine  
  90  9:53  Marauder  
  90  9:59  Siege Tank  
  90  10:00  Marauder  
  90  10:04  Starport Reactor  
  88  10:09  Marine  
  91  10:14  Marauder  
  91  10:17  Marine x2  
  88  10:22  Marauder  
  88  10:27  Marine  
  86  10:32  Widow Mine  
  86  10:33  Missile Turret  
  86  10:35  Marine x2  
Tags
 
Matchup
TvZ
Opening
Pool First
Spawn Locations
Cross Positions
Add a new tag
Caveats
  • Supply blocks, unpowered buildings, or Contaminate may cause inaccurate times.
  • Supply counts are checked every 10 seconds.